 Dungeon Crawl Stone Soup version 0.29-a0-770-g2e8140cf71 (webtiles) character file.

Game seed: 11697443608616307798

2 Garessta the Caller (level 1, 0/13 HPs)
             Began as a Barachi Summoner on July 1, 2022.
             Succumbed to a kobold's poison
             ... on level 1 of the Dungeon.
             The game lasted 00:01:46 (228 turns).

Garessta the Caller (Barachi Summoner)               Turns: 228, Time: 00:01:47

Health: 0/13       AC:  2    Str:  9    XL:     1   Next: 30%
Magic:  1/3        EV: 12    Int: 15    God:
Gold:   33         SH:  0    Dex: 12    Spells: 3/4 levels left

rFire   . . .      SeeInvis .   b - +0 dagger
rCold   . . .      Faith    .   (no shield)
rNeg    . . .      Spirit   .   a - +0 robe
rPois   .          Reflect  .   (no helmet)
rElec   .          Harm     .   (no cloak)
rCorr   .          Rampage  .   (no gloves)
Will    .....                   (no boots)
Stlth   ++........              (no amulet)
HPRegen 0.04/turn               (no ring)
MPRegen 0.08/turn               (no ring)

@: lethally poisoned (0 -> -6), slow
A: amphibious, slowness 1, strong legs 1, +LOS
a: Hop


You were on level 1 of the Dungeon.
You visited 1 branch of the dungeon, and saw 1 of its levels.

You collected 33 gold pieces.

Inventory:

Hand Weapons
 b - a +0 dagger (weapon)
Armour
 a - a +0 robe (worn)
Scrolls
 c - a scroll of amnesia {unknown}


   Skills:
 - Level 2.1 Dodging
 - Level 1.7 Stealth
 + Level 2.1 Spellcasting
 * Level 5.0 Summonings


You had 3 spell levels left.
You knew the following spells:

 Your Spells              Type           Power      Damage    Failure   Level
a - Summon Small Mammal   Summ           64%        N/A       2%          1

Your spell library contained the following spells:

 Spells                   Type           Power      Damage    Failure   Level
 Call Imp                 Summ           16%        N/A       4%          2
 Call Canine Familiar     Summ           16%        N/A       9%          3
 Summon Guardian Golem    Hex/Summ       9%         N/A       24%         3
 Summon Lightning Spire   Summ/Air       9%         N/A       61%         4


Dungeon Overview and Level Annotations

Branches:
Dungeon (1/15)

Altars:


Innate Abilities, Weirdness & Mutations

You are amphibious.
You cover ground slowly.
You can hop short distances.
You have an extended range of vision and can be seen from far away.


Message History

You hit the kobold.
The kobold is severely wounded.
Your bat barely misses the kobold.
Your bat barely misses the frilled lizard.
Your bat closely misses the kobold.
The kobold hits you but does no damage.
The frilled lizard closely misses your bat.
Your bat hits the kobold but does no damage.
You barely miss the kobold.
The kobold is severely wounded.
Your bat hits the frilled lizard.
Your bat hits the kobold but does no damage.
The kobold hits you but does no damage.
The frilled lizard bites your bat but does no damage.
Your bat hits the kobold but does no damage.
You closely miss the kobold.
The kobold is severely wounded.
Your bat barely misses the frilled lizard.
The kobold closely misses you.
Your bat closely misses the kobold.
Your bat barely misses the kobold.
Unknown command.
You barely miss the kobold.
The kobold is heavily wounded.
Your bat hits the kobold but does no damage.
Your bat closely misses the kobold. x2
Your bat completely misses the frilled lizard.
The kobold misses you. The frilled lizard bites you.
The kobold barely misses you.
The frilled lizard closely misses your bat.
Your bat completely misses the kobold.
Your bat hits the kobold but does no damage.
The frilled lizard attacks as you move away!
The frilled lizard barely misses you.
Your bat barely misses the kobold.
Your bat hits the kobold.
The kobold hits you with a +0 dagger of venom.
* * * LOW HITPOINT WARNING * * *
You are lethally poisoned!
The frilled lizard misses your bat. The kobold barely misses your bat.
Your bat barely misses the frilled lizard.
You miss the frilled lizard.
You die...

......#.#....### ##...
#....#.# ########## #.#
####..#.#########........
# #.....#...............#
###
#####.#...............#
...
#....#.............##.##
#..#.##..b.............#
#..##.bKl.....##.##.#...
#..#..K.@#.....#....#
###...l.###.....#####
#.....#####.....#
#.....#.....#.....#
#.....###...###.....#
#.....#####.#####.....#
......#...........#[....#
.....###....<....###.....#
...# ##.......## #....#


You could see 2 kobolds, 2 frilled lizards and 2 friendly bats.

Vanquished Creatures (collateral kills)
  2 kobolds (D:1)
  A rat (D:1)
3 creatures vanquished.

Notes
Turn   | Place    | Note
-------+----------+-------------------------------------------
     0 | D:1      | Garessta the Barachi Summoner began the quest for the Orb.
     0 | D:1      | Reached XP level 1. HP: 13/13 MP: 3/3
   210 | D:1      | Reached skill level 5 in Summonings
   228 | D:1      | Succumbed to a kobold's poison

Illustrated notes

Levels and vault maps discovered:
D:1:      onia_arrival_pyramid, layout_basic,
          dreamdust_ecumenical_altar_hidden_monk_grotto, serial_shops,
          shop_statue, serial_bayou_lagoon_a

Skill      XL: |  1 |
---------------+----+-----
Summonings     | 5 |  5.0
Dodging        | |  2.1
Stealth        | |  1.7
Spellcasting   | |  2.1

Action                   || total
-------------------------++-------
Melee: Dagger            ||     6
       Unarmed           ||     4
 Cast: Summon Small Mamm ||     8
  Use: Potion            ||     1
Armor: Robe              ||     3
Dodge: Dodged            ||     9

Table legend: (Time is in decaauts)
 A = Elapsed time spent in this place.
 B = Non-inter-level travel time spent in this place.
 C = Inter-level travel time spent in this place.
 D = Time resting spent in this place.
 E = Time spent auto-exploring this place.
 F = Levels seen in this place.
 G = Mean time per level.
                   A        B        C        D        E       F      G
               +--------+--------+--------+--------+--------+-----+--------+
         Total |    239 |    239 |      0 |      0 |    184 |   1 |  239.0 |
       Dungeon |    239 |    239 |      0 |      0 |    184 |   1 |  239.0 |
               +--------+--------+--------+--------+--------+-----+--------+

Top non-repeatable levels by time:
     D:1: 239 daAuts
